 Dungeon Crawl Stone Soup version 0.28.0-53-g5a82cb258f (webtiles) character file.

Game seed: 2216005967507832088

98 Op7666 the Chopper (level 4, -4/61 HPs)
             Began as a Minotaur Berserker on July 27, 2022.
             Was a Believer of Trog.
             Slain by a gnoll
             ... wielding a +0 whip
              (7 damage)
             ... on level 2 of the Dungeon.
             The game lasted 00:06:00 (1486 turns).

Op7666 the Chopper (Minotaur Berserker)             Turns: 1486, Time: 00:06:01

Health: -4/61      AC:  3    Str: 23    XL:     4   Next: 44%
Magic:  3/3        EV: 12    Int: 10    God:    Trog [**....]
Gold:   114        SH:  0    Dex: 10    Spells: 3/3 levels left

rFire   . . .      SeeInvis .   a - +0 hand axe
rCold   . . .      Faith    .   (no shield)
rNeg    . . .      Spirit   .   c - +0 leather armour
rPois   .          Reflect  .   (helmet restricted)
rElec   .          Harm     .   (no cloak)
rCorr   .          Rampage  .   (no gloves)
Will    .....                   (no boots)
Stlth   ..........              (no amulet)
HPRegen 0.20/turn               f - +6 ring of intelligence
MPRegen 0.08/turn               (no ring)

@: berserking (expiring), very quick
A: horns 2, retaliatory headbutt
a: Renounce Religion, Berserk, Trog's Hand


You were on level 2 of the Dungeon.
You worshipped Trog.
Trog was pleased with you.
You visited 1 branch of the dungeon, and saw 2 of its levels.

You collected 114 gold pieces.

Inventory:

Hand Weapons
 a - a +0 hand axe (weapon)
Missiles
 e - 4 javelins (quivered)
Armour
 b - a +0 animal skin
 c - a +0 leather armour (worn)
Jewellery
 f - a +6 ring of intelligence (left hand)
 h - a +6 ring of intelligence
Potions
 d - a potion of curing {unknown}
 g - a potion of resistance {unknown}
 i - a potion of ambrosia {unknown}


   Skills:
 + Level 4.8 Fighting
 + Level 4.8 Axes
 + Level 3.0 Armour
 + Level 2.8 Dodging


You had 3 spell levels left.
You didn't know any spells.
Your spell library was empty.

Dungeon Overview and Level Annotations

Branches:
Dungeon (2/15)

Altars:

Shops:
D:1 [[?=


Innate Abilities, Weirdness & Mutations

You have a pair of horns on your head.
You reflexively headbutt those who attack you in melee.


Message History

You feel agile.
You hit the gnoll but do no damage.
The gnoll is almost dead.
A rat comes into view.
The gnoll barely misses you. The gnoll hits you with a +0 club.
You hit the gnoll.
You kill the gnoll!
Trog accepts your kill.
You hit the gnoll.
The gnoll is lightly wounded.
The gnoll misses you. The gnoll hits you with a +0 flail!
* * * LOW HITPOINT WARNING * * *
You barely miss the gnoll. You headbutt the gnoll.
The gnoll is moderately wounded.
The gnoll closely misses you.
You hit the gnoll.
The gnoll is heavily wounded.
The gnoll hits you with a +0 flail!
* * * LOW HITPOINT WARNING * * *
A red film seems to cover your vision as you go berserk!
You feel yourself moving faster!
You feel mighty! The gnoll barely misses you. You furiously retaliate!
You headbutt the gnoll!
You kill the gnoll!
Trog accepts your kill.
Your Armour skill increases to level 3!
You feel a strong urge to attack something.
The rat bites you.
* * * LOW HITPOINT WARNING * * *
There is an open door here.
You see here a hobgoblin corpse.
You slash the rat!
You kill the rat!
Trog accepts your kill.
You slash the adder!
The adder is almost dead.
The adder barely misses you. You furiously retaliate!
You headbutt the adder!
You kill the adder!
Trog accepts your kill. The gnoll hits you with a +0 whip!
You die...

#..# ### ...## #.. #....
#.# ##...## # #.# .....
#≈≈ ##'# ... #≈≈≈≈#...
#.# #≈≈≈≈#._. #g#
#≈≈≈≈#... #@# ..≈≈≈####
##†## .#≈≈≈≈≈≈≈ ##...##
##≈≈≈≈≈≈ ##.....##
#.##≈≈≈≈≈≈ .##.......##
#.#.#..≈≈≈
...........###.......##
............'...........
..#.........###.........
####.......## #........


You could see a gnoll.

Vanquished Creatures
  3 adders (D:2)
  3 gnolls (D:2)
  3 dart slugs
  A ball python (D:1)
  2 bats
  4 endoplasms
  2 giant cockroaches
  3 goblins (D:1)
  6 hobgoblins
  3 kobolds
  3 frilled lizards
  4 rats
37 creatures vanquished.

Notes
Turn   | Place    | Note
-------+----------+-------------------------------------------
     0 | D:1      | Op7666 the Minotaur Berserker began the quest for the Orb.
     0 | D:1      | Reached XP level 1. HP: 19/19 MP: 0/0
    73 | D:1      | Found Coetreus's Antique Armour Shop.
   143 | D:1      | Reached XP level 2. HP: 22/27 MP: 1/1
   342 | D:1      | Found Hipnomiu's Antique Armour Shoppe.
   498 | D:1      | Found Daffy's Jewellery Shop.
   518 | D:1      | Found Tesume's Magic Scroll Emporium.
   856 | D:2      | Reached XP level 3. HP: 34/34 MP: 2/2
  1131 | D:2      | Found a faded altar of an unknown god.
  1196 | D:2      | Reached ** piety under Trog
  1477 | D:2      | Reached XP level 4. HP: 25/41 MP: 3/3
  1481 | D:2      | HP: 2/41 [gnoll/+0 flail (10)]
  1486 | D:2      | Slain by a gnoll

Illustrated notes

Levels and vault maps discovered:
D:1:      ncdulo_smallfort, layout_basic, serial_shops,
          nicolae_shop_advertising_works [nicolae_subvault_shop_adworks],
          shop_statue, nicolae_shop_behind_doors, nicolae_shop_statue_plus,
          serial_glass, glass_columns_a, glass_columns_b
D:2:      layout_loops_corners, nicolae_ecumenical_lake_church,
          minmay_liquid_box, uniq_sigmund

Skill      XL: |  1  2  3  4 |
---------------+-------------+-----
Fighting       | 4 |  4.8
Axes           | 4 |  4.8
Armour         | 3 |  3.0
Dodging        | |  2.8

Action                   |  1- 3 |  4- 6 || total
-------------------------+-------+-------++-------
Melee: Hand axe          |    61 |     7 ||    68
       Headbutt          |     9 |     1 ||    10
       Punch             |     1 |       ||     1
Invok: Berserk           |       |     1 ||     1
Armor: Leather armour    |    21 |       ||    21
       Animal skin       |     1 |       ||     1
Dodge: Dodged            |    48 |     5 ||    53
